 Dungeon Crawl Stone Soup version 0.22-a0-614-g34fbaa0 (webtiles) character file.

85 Firecrotchwizard the Cudgeler (level 4, 0/29 HPs)
             Began as a Gargoyle Berserker on July 12, 2018.
             Was a Believer of Trog.
             Slain by a worm (10 damage)
             ... on level 2 of the Dungeon.
             The game lasted 00:02:41 (1924 turns).

Firecrotchwizard the Cudgeler (Gargoyle Berserker)  Turns: 1924, Time: 00:02:42

Health: 0/29       AC:  5    Str: 21    XL:     4   Next: 48%
Magic:  4/4        EV: 12    Int:  8    God:    Trog [**....]
Gold:   47         SH:  0    Dex:  9    Spells: 3/3 levels left

rFire    . . .     SeeInvis .   a - +0 mace
rCold    . . .     Gourm    .   (no shield)
rNeg     + . .     Faith    .   b - +0 animal skin
rPois    ∞         Spirit   .   (no helmet)
rElec    +         Reflect  .   (no cloak)
rCorr    .         Harm     .   (no gloves)
MR       .....                  (no boots)
Stlth    +.........             (no amulet)
HPRegen  0.09/turn              (no ring)
MPRegen  0.09/turn              (no ring)

@: no status effects
A: negative energy resistance 1, electricity resistance, unbreathing,
petrification resistance, rot immunity, AC +3
a: Berserk, Trog's Hand, Renounce Religion


You were on level 2 of the Dungeon.
You worshipped Trog.
Trog was pleased with you.
You were not hungry.

You visited 1 branch of the dungeon, and saw 2 of its levels.

You collected 47 gold pieces.

Inventory:

Hand Weapons
 a - a +0 mace (weapon)
Armour
 b - a +0 animal skin (worn)
Scrolls
 d - a scroll of blinking {unknown}
 e - a scroll of magic mapping {unknown}
 h - a scroll of fear {unknown}
 i - a scroll of identify {unknown}
Potions
 f - a potion of resistance {unknown}
 g - a potion of haste {unknown}
Comestibles
 c - 3 rations {@e1}
 j - 3 chunks of flesh {@w0}


   Skills:
 + Level 4.1 Fighting
 * Level 4.5 Maces & Flails
 - Level 2.1 Armour
 - Level 1.5 Dodging


You had 3 spell levels left.
You didn't know any spells.
Your spell library was empty.

Dungeon Overview and Level Annotations

Branches:
Dungeon (2/15)

Altars:
Cheibriados

Annotations:
D:2 Terence


Innate Abilities, Weirdness & Mutations

You are resistant to torment.
Your stone body is resilient. (AC +3)
You are immune to poison.
You resist negative energy. (rN+)
You are resistant to electric shocks. (rElec)
You can survive without breathing.
You are immune to petrification.
You are immune to rotting.


Message History

You see here 30 stones.
A goblin comes into view. It is wielding a club.
The goblin shouts!
The rat twitches its whiskers.
The rat misses you.
You completely miss the rat. The rat barely misses you.
You thump the rat!
You kill the rat!
Trog accepts your kill.
You see here a rat corpse.
The goblin barely misses you.
You hit the goblin. The goblin hits you but does no damage.
You barely miss the goblin. The goblin closely misses you.
You hit the goblin. The goblin hits you with a club.
You take 2 damage, and have 27/29 hp.
You closely miss the goblin. The goblin barely misses you.
You sock the goblin!
You kill the goblin!
Trog accepts your kill.
No target in view!
Things that are here:
a club; a goblin corpse You butcher the goblin corpse.
j - 4 chunks of flesh {@w0} (gained 1)
You see here a club. x2
You butcher the rat corpse.
j - 5 chunks of flesh {@w0} (gained 1)
A jackal comes into view.
The jackal barks!
A jackal comes into view.
The jackal moves out of view.
Health restored: 29 A jackal is nearby!
A jackal comes into view.
A dart slug comes into view.
Found 9 gold pieces.
Found a stone staircase leading down.
The jackal bites you.
You take 2 damage, and have 27/29 hp.
The jackal closely misses you. The jackal barely misses you.
The jackal bites you but does no damage.
The jackal barks!
You hit the jackal.
You kill the jackal!
Trog accepts your kill. The jackal barely misses you.
You hit the jackal.
The jackal bites you but does no damage.
You barely miss the jackal. The jackal bites you. The jackal misses you.
You take 1 damage, and have 27/29 hp.
You hit the jackal.
You kill the jackal!
Trog accepts your kill.
You closely miss the jackal. The jackal completely misses you.
The jackal closely misses you.
You hit the jackal but do no damage. The jackal barely misses you.
The jackal bites you.
You take 2 damage, and have 25/29 hp.
You closely miss the jackal. The jackal barely misses you.
You miss the jackal. The jackal misses you. The jackal closely misses you.
You hit the jackal.
You kill the jackal!
Trog accepts your kill.
The dart slug bites you but does no damage.
You barely miss the dart slug. The dart slug launches a dart at you.
The slug dart hits you!
You sock the dart slug! The dart slug barely misses you.
You hit the dart slug.
You kill the dart slug!
Trog accepts your kill.
You see here a dart slug corpse.
You see here a dart slug corpse.
You butcher the dart slug corpse.
j - 6 chunks of flesh {@w0} (gained 1)
You start resting.
Some of the chunks of flesh in your inventory have rotted away.
Health restored: 29 You now have 47 gold pieces (gained 9).
A worm comes into view.
A worm is nearby!
A goblin comes into view.
The goblin shouts!
The worm bites you.
You take 6 damage, and have 23/29 hp.
MASSIVE DAMAGE!!
The goblin hits you but does no damage.
You hit the goblin but do no damage. The goblin closely misses you.
You hit the goblin but do no damage. The goblin barely misses you.
You sock the goblin!
You kill the goblin!
Trog accepts your kill.
You sock the worm! You hit the worm. The worm closely misses you.
You hit the worm. The worm bites you!
You take 9 damage, and have 15/29 hp.
MASSIVE DAMAGE!!
You hit the worm. You hit the worm. The worm bites you.
You take 5 damage, and have 10/29 hp.
You hit the worm. The worm bites you!
You die...

# #
##.##.#.##......#
#.# ..
..#.#.......## #.#
#. ..#..........#
#.## .......>....#
#... ###.#........#
#..#
...##......#####..#
#.#...............
#..##...###.####.#
#@###.#.# #.# #.#
#w# #.#.# #.# #.#
#######.# #.#.# #.#
#.# ........# #.#.#
#.# #..
#######........
.... ### #..##.#.#
#.#.# ## #..#
#.#.###. #..#
#....... #..# #.
###.###.


You could see a worm.

Vanquished Creatures
  Natasha (D:2)
  2 adders (D:2)
  A dart slug (D:2)
  A leopard gecko (D:1)
  3 giant cockroaches (D:1)
  9 goblins
  3 hobgoblins (D:1)
  3 jackals (D:2)
  3 kobolds
  A ball python (D:2)
  4 bats (D:1)
  A frilled lizard (D:2)
  5 rats
37 creatures vanquished.

Notes
Turn   | Place    | Note
-------+----------+-------------------------------------------
     0 | D:1      | Firecrotchwizard the Gargoyle Berserker began the quest for the Orb.
     0 | D:1      | Reached XP level 1. HP: 14/14 MP: 1/1
   262 | D:1      | Reached XP level 2. HP: 19/19 MP: 2/2
   666 | D:1      | Reached XP level 3. HP: 22/24 MP: 3/3
  1047 | D:2      | Found a snail-covered altar of Cheibriados.
  1066 | D:2      | HP: 4/24 [adder (4)]
  1070 | D:2      | Reached skill level 4 in Maces & Flails
  1335 | D:2      | Noticed Terence
  1414 | D:2      | Noticed Natasha
  1428 | D:2      | Killed Natasha
  1428 | D:2      | Reached skill level 4 in Fighting
  1428 | D:2      | Reached XP level 4. HP: 12/29 MP: 4/4
  1663 | D:2      | Reached ** piety under Trog
  1924 | D:2      | Slain by a worm

Vault maps used:
D:1:      minmay_arrival_checkered_box
D:2:      nicolae_overflow_hidden_temple, chequers_ecumenical_altar_grove,
          first_ration, uniq_terence, uniq_natasha

Skill      XL: |  1  2  3 |
---------------+----------+-----
Maces & Flails | 4 |  4.5
Fighting       | 4 |  4.1
Armour         | |  2.1
Dodging        | |  1.5

Action                   |  1- 3 |  4- 6 || total
-------------------------+-------+-------++-------
Melee: Mace              |   106 |    46 ||   152
  Eat: Chunk             |     2 |     1 ||     3
Armor: Animal skin       |    41 |    11 ||    52
Dodge: Dodged            |    77 |    32 ||   109

Table legend:
 A = Spawn XP
 B = Non-spawn XP
 C = Spawn XP percentage of total XP
 D = Spawn monster count
 E = Non-spawn monster count
 F = Spawn count percentage of total count
 G = Total turns spent on level
                    A         B        C        D         E        F      G
               +---------+---------+-------+---------+---------+-------+---------
         Total |       0 |     122 |   0.0 |       0 |      37 |   0.0 |  1924
               +---------+---------+-------+---------+---------+-------+---------
           D:1 |       0 |      36 |   0.0 |       0 |      20 |   0.0 |   986
           D:2 |       0 |      86 |   0.0 |       0 |      17 |   0.0 |   938
               +---------+---------+-------+---------+---------+-------+---------

Vault maps used:
D:1:      minmay_arrival_checkered_box
D:2:      nicolae_overflow_hidden_temple, chequers_ecumenical_altar_grove,
          first_ration, uniq_terence, uniq_natasha

Table legend:
 A = Turns spent in this place as a percentage of turns spent in the entire game.
 B = Non-inter-level travel turns spent in this place as a percentage of non-inter-level travel turns spent in the entire game.
 C = Inter-level travel turns spent in this place as a percentage of turns spent in this place.
 D = Turns resting spent in this place as a percentage of non-inter-level travel turns spent in this place.
 E = Turns spent auto-exploring this place as a percentage of non-inter-level travel turns spent in this place.
 F = Non-inter-level travel turns spent in this place divided by the number of levels of this place that you've seen.
                   A       B       C       D       E      F
               +-------+-------+-------+-------+-------+----------------------
         Total | 100.0 | 100.0 |   7.8 |  41.5 |  42.5 | 886.5
       Dungeon | 100.0 | 100.0 |   7.8 |  41.5 |  42.5 | 886.5
               +-------+-------+-------+-------+-------+----------------------

Table legend:
 A = Kills in this place as a percentage of kills in entire the game.
 B = Kills by you in this place as a percentage of kills by you in the entire game.
 C = Kills by friends in this place as a percentage of kills by friends in the entire game.
 D = Other kills in this place as a percentage of other kills in the entire game.
 E = Experience gained in this place as a percentage of experience gained in the entire game.
 F = Experience gained in this place divided by the number of levels of this place that you have seen.
                   A       B       C       D       E      F
               +-------+-------+-------+-------+-------+----------------------
         Total | 100.0 | 100.0 |   N/A |   N/A | 100.0 |  61.0
       Dungeon | 100.0 | 100.0 |   N/A |   N/A | 100.0 |  61.0
               +-------+-------+-------+-------+-------+----------------------
